[Event "*** Titled Tuesday Blitz"]
[Site "Chess.com"]
[Date "2021.03.02"]
[Round "2"]
[White "Alex-11211"]
[Black "pfalcon1949"]
[Result "1-0"]
[WhiteElo "2374"]
[BlackElo "2023"]
[TimeControl "180+1"]
[EndTime "10:17:40 PST"]
[Termination "Alex-11211 won by checkmate"]

1. e4 c5 2. Nf3 Nc6 3. Bb5 Nd4 4. Nxd4 cxd4 5. O-O a6 6. Bc4 e6 7. d3 b5 8. Bb3 Bb7 9. f4 Be7 10. Nd2 Nf6 11.
Nf3 Qb6 12. Kh1 Rc8 13. Qe1 a5 14. a4 bxa4 15. Rxa4 Bb4 16. Bd2 Bc6 17. Ra1 O-O 18. Bxb4 axb4 19. Qf2 d5 20. e5 Ng4 21. Qxd4 Qxd4 22.
Nxd4 Ne3 23. Rfe1 Ng4 24. Ra7 h5 25. Kg1 h4 26. Rea1 Be8 27. Rb7 g5 28. g3 hxg3 29.
hxg3 gxf4 30. gxf4 Kh7 31. Kg2 Rg8 32. Rh1+ Nh6+ 33.
Kf3 Bc6 34. Rxf7+ Kg6 35. Rf6+ Kg7 36. Nxe6+ Kh7 37. Rhxh6# 1-0

[Event "*** Titled Tuesday Blitz"]
[Site "Chess.com"]
[Date "2021.03.02"]
[Round "2"]
[White "sergoy"]
[Black "NicoChasin"]
[Result "1-0"]
[WhiteElo "2847"]
[BlackElo "2537"]
[TimeControl "180+1"]
[EndTime "10:17:41 PST"]
[Termination "sergoy won by resignation"]

1. d4 Nf6 2. c4 c6 3. Nf3 d5 4. Nc3 Bf5 5. cxd5 cxd5 6. Qb3 Qb6 7. Nxd5 Nxd5 8. Qxd5 e6 9. Qb3 Qxb3 10. axb3 Nc6 11. e3 Nb4 12. Bb5+ Ke7 13. O-O a6 14. Bd2 Kf6 15. Be2 Bd6 16. Ne5 Rhc8 17. Nc4 Be7 18. Bf3 Bd3 19. Rfc1 Rab8 20. Ne5 Bb5 21. h4 g6 22. h5 Kg7 23. h6+ Kf8 24. Rxc8+ Rxc8 25. Bxb7 Rb8 26. Be4 f6 27. Nc4 Rc8 28.
Bxb4 Bxb4 29. d5 e5 30. Bd3 Ke7 31. e4 g5 32. Nb6 Rc7 33. Bxb5 axb5 34. Ra6 Rc1+ 35.
Kh2 Bc5 36. Ra7+ Ke8 37. Rc7 g4 38. Rc6 Rc2 39. b4 g3+ 40. fxg3 1-0

[Event "*** Titled Tuesday Blitz"]
[Site "Chess.com"]
[Date "2021.03.02"]
[Round "2"]
[White "ChessteacherPalmS"]
[Black "Chernobay_Artem"]
[Result "1-0"]
[WhiteElo "2363"]
[BlackElo "2623"]
[TimeControl "180+1"]
[EndTime "10:17:41 PST"]
[Termination "ChessteacherPalmS won on time"]

1. d4 Nf6 2. c4 g6 3. Nc3 Bg7 4. e4 d6 5. Be2 O-O 6. Nf3 e5 7. dxe5 dxe5 8. Qxd8 Rxd8 9. Bg5 Re8 10. O-O-O Na6 11. Nxe5 Rxe5 12. Rd8+ Ne8 13. f4 Re6 14.
Bg4 Kf8 15. Bxe6 fxe6 16. e5 b6 17. Rhd1 Bb7 18. Rxa8 Bxa8 19. g3 h6 20. Bh4 Nc5 21. Rd8 Bf3 22. Nb5 Kf7 23. b4 Na6 24. a3 g5 25. fxg5 hxg5 26. Bxg5 Bxe5 27. Nxa7 Nd6 28.
Rd7+ Kg6 29. Bf4 Nxc4 30. b5 Nc5 31. Rxc7 Bxc7 32. Bxc7 Nd7 33. a4 1-0

[Event "*** Titled Tuesday Blitz"]
[Site "Chess.com"]
[Date "2021.03.02"]
[Round "2"]
[White "Schachspielerr"]
[Black "GUST_b"]
[Result "1-0"]
[WhiteElo "2684"]
[BlackElo "2367"]
[TimeControl "180+1"]
[EndTime "10:17:42 PST"]
[Termination "Schachspielerr won by resignation"]

1. d4 Nf6 2. c4 e6 3. Nc3 Bb4 4. e3 O-O 5. Ne2 b6 6. a3 Bxc3+ 7. Nxc3 Bb7 8. Bd3 c5 9. dxc5 bxc5 10. O-O Nc6 11. b3 Qe7 12. Bb2 Rab8 13. Rb1 d6 14. Qe2 Rfd8 15. Rfd1 a5 16. Nb5 Ba6 17. Bc3 a4 18. bxa4 Nd7 19. Be4 Nce5 20. Nxd6 Rxb1 21. Bxb1 f6 22. Nb5 Nb6 23. Rxd8+ Qxd8 24. Bxe5 fxe5 25.
Bc2 e4 26. h3 Qf6 27. Bxe4 Qa1+ 28. Qf1 Qxf1+ 29. Kxf1 Nxc4 30. Ke1 h6 31. Nc7 Bc8 32. Bd3 Na5 33. Ba6 Bd7 34. Bb5 Bc8 35. Ne8 Kf8 36. Nd6 Bb7 37. Nxb7 Nxb7 38. Kd2 Ke7 39. Kd3 Na5 40. f4 Kd6 41. Ke4 g6 42. h4 Ke7 43. Ke5 Kf7 44. Kd6 Kf6 45. Kxc5 1-0

[Event "*** Titled Tuesday Blitz"]
[Site "Chess.com"]
[Date "2021.03.02"]
[Round "2"]
[White "LawrenceTrent"]
[Black "masrahi"]
[Result "1-0"]
[WhiteElo "2535"]
[BlackElo "2232"]
[TimeControl "180+1"]
[EndTime "10:17:42 PST"]
[Termination "LawrenceTrent won by resignation"]

1. e4 e5 2. Nf3 Nc6 3. Bc4 Bc5 4. c3 Nf6 5. d4 exd4 6. b4 Bb6 7. e5 d5 8. exf6 dxc4 9. b5 Na5 10. fxg7 Rg8 11. Qe2+ Be6 12. Nxd4 Bxd4 13. cxd4 Qxd4 14. Bb2 Qd3 15.
Bc3 b6 16. Qxd3 cxd3 17. Nd2 Nc4 18. Ne4 O-O-O 19. O-O-O Bf5 20. Rhe1 Bxe4 21. Rxe4 d2+ 22. Kb1 Na3+ 23. Kb2 Nxb5 24. Bf6 Rd6 25. Rf4 c5 26. g4 Nd4 27. g5 Ne6 28. Ra4 Kb7 29. Rh4 Nxg7 30.
Rxh7 Nf5 31. Rxf7+ Ka6 32. Bc3 Rxg5 33. Rxd2 Rxd2+ 34. Bxd2 Rh5 35. Bf4 Nd4 36. Bb8 Kb5 37. Bg3 Nf5 38. Rxa7 Nxg3 39. hxg3 Rh2 40. Rf7 Rg2 41.
Kc3 Rh2 42. Rf4 Rh1 43. a4+ Ka6 44. g4 Ka5 45. Kd3 Rg1 46. f3 Rd1+ 47. Ke2 Ra1 48.
g5 Rg1 49. Rg4 1-0

[Event "*** Titled Tuesday Blitz"]
[Site "Chess.com"]
[Date "2021.03.02"]
[Round "2"]
[White "kai_nov"]
[Black "mr65"]
[Result "1-0"]
[WhiteElo "2394"]
[BlackElo "2095"]
[TimeControl "180+1"]
[EndTime "10:17:42 PST"]
[Termination "kai_nov won on time"]

1. d4 Nf6 2. c4 g6 3. f3 Bg7 4. e4 d6 5. Nc3 O-O 6. Bg5 c5 7.
d5 a6 8. a4 Nbd7 9. Nh3 Rb8 10. Nf2 h6 11. Be3 Ne5 12. Be2 g5 13. Qd2 Nh5 14. g3 g4 15. fxg4 Nf6 16. h3 e6 17.
Bxh6 exd5 18. exd5 Re8 19. O-O Ng6 20. Bxg7 Kxg7 21.
Bd3 Rh8 22. Kg2 Bd7 23. Nfe4 Nxe4 24. Nxe4 b5 25. axb5 axb5 26. Nxd6 Ne5 27. Qc3 f6 28.
cxb5 Bxg4 29. hxg4 Qxd6 30. Be4 1-0

[Event "*** Titled Tuesday Blitz"]
[Site "Chess.com"]
[Date "2021.03.02"]
[Round "2"]
[White "PaulfromSPb"]
[Black "grunbergmihai"]
[Result "1-0"]
[WhiteElo "2681"]
[BlackElo "2476"]
[TimeControl "180+1"]
[EndTime "10:17:43 PST"]
[Termination "PaulfromSPb won by resignation"]

1. e4 Nf6 2. e5 Nd5 3. d4 d6 4. exd6 cxd6 5. c4 Nb6 6. Nc3 g6 7. Nf3 Bg7 8. Be3 O-O 9. Be2 Bg4 10. O-O Nc6 11. b3 d5 12. c5 Nc8 13. b4 a6 14. Qd2 e6 15. Ne1 Bxe2 16. Nxe2 N8e7 17.
a4 Nf5 18. Nf3 Nxe3 19. fxe3 f5 20. Nf4 Re8 21. b5 axb5 22. axb5 Na5 23. Qc3 Nc4 24. Rxa8 Qxa8 25. Ra1 Qb8 26. g3 Qd8 27. Ra7 e5 28. dxe5 Nxe5 29. Nxe5 Bxe5 30. Qb3 Bxf4 31. gxf4 Re7 32.
c6 bxc6 33. b6 Re8 34. b7 Qc7 35. Ra8 Rb8 36. Rxb8+ Qxb8 37. Qb6 Kg7 38. Qxc6 Qa7 39. Qc7+ Kh6 40. b8=Q Qxe3+ 41. Kf1 Qd3+ 42. Ke1 Qe3+ 43. Kd1 Qg1+ 44. Kc2 Qxh2+ 45. Kb3 Qg3+ 46. Ka4 1-0

[Event "*** Titled Tuesday Blitz"]
[Site "Chess.com"]
[Date "2021.03.02"]
[Round "2"]
[White "Sergey85Rodchenkov"]
[Black "lelya96"]
[Result "1-0"]
[WhiteElo "2466"]
[BlackElo "2262"]
[TimeControl "180+1"]
[EndTime "10:17:43 PST"]
[Termination "Sergey85Rodchenkov won by resignation"]

1. e4 e5 2. Nf3 Nc6 3. Bc4 Nf6 4. d3 Be7 5. O-O O-O 6. Re1 d6 7. c3 h6 8. Nbd2 Nh7 9. Nf1 Ng5 10. Bxg5 Bxg5 11.
Ng3 Kh8 12. d4 Bg4 13. dxe5 Nxe5 14. Be2 Nxf3+ 15. Bxf3 Bxf3 16. Qxf3 g6 17. Rad1 Qf6 18. Qd3 Rfe8 19. Ne2 Qg7 20. Nd4 a6 21. Qc4 Re7 22. Qb3 Rae8 23. f3 Bf6 24. Nc2 b5 25. a4 Re5 26. g3 Qf8 27. Ne3 h5 28. Nd5 Bg7 29. axb5 axb5 30. Qxb5 Rb8 31. Qe2 c6 32. Nf4 d5 33.
Kg2 dxe4 34. fxe4 Rbe8 35. Qf3 Qc5 36. Re2 Qc4 37. Rde1 Bh6 38. Nd3 R5e6 39. e5 Kg8 40.
Re4 Qd5 41. Rd4 Qxf3+ 42. Kxf3 Bg7 43. Rde4 Rb8 44. b4 Bf8 45. Nf4 Ree8 46. e6 f5 47. Rc4 Rbc8 48. Nxg6 Bd6 49. Nf4 Bxf4 50. Kxf4 Kg7 51. Kxf5 Rf8+ 52. Ke5 Kg6 53. Rf4 Rfe8 54.
Ref1 c5 55. b5 Rb8 56. c4 Rb6 57. Rf6+ Kg5 58. h3 1-0

[Event "*** Titled Tuesday Blitz"]
[Site "Chess.com"]
[Date "2021.03.02"]
[Round "2"]
[White "DrCeltic"]
[Black "PakMaster"]
[Result "0-1"]
[WhiteElo "2431"]
[BlackElo "2261"]
[TimeControl "180+1"]
[EndTime "10:17:43 PST"]
[Termination "PakMaster won by checkmate"]

1. e4 c5 2. Nf3 d6 3. d4 cxd4 4. Nxd4 Nf6 5. Nc3 a6 6. Be3 e5 7. Nf3 Be7 8. Bc4 Bg4 9. Nd5 O-O 10. Bb6 Qd7 11. Nc7 Qc6 12. Nxa8 Qxc4 13. Be3 Nbd7 14.
Nb6 Nxb6 15. Bxb6 Qb4+ 16. c3 Qxb6 17. O-O Nxe4 18. Qd3 Bxf3 19. gxf3 Nf6 20. b4 Nh5 21. Kh1 Nf4 22. Qe3 Qc6 23. Rac1 Qd7 24. Rg1 Qf5 25. Rce1 g6 26. a4 b5 27. a5 Qh5 28. Rg3 Rc8 29. Qa7 Bh4 30. Rg4 Rxc3 31. Qxa6 Rxf3 32. Qc8+ Kg7 33.
a6 Bxf2 34. Rf1 Qh3 35. Rd1 Qxh2+ 36. Kxh2 Rh3# 0-1

[Event "*** Titled Tuesday Blitz"]
[Site "Chess.com"]
[Date "2021.03.02"]
[Round "2"]
[White "KerryStead"]
[Black "Piotrek1979"]
[Result "1-0"]
[WhiteElo "2015"]
[BlackElo "2350"]
[TimeControl "180+1"]
[EndTime "10:17:43 PST"]
[Termination "KerryStead won by checkmate"]

1. c4 g6 2. Nc3 Bg7 3. g3 f6 4.
Bg2 Nh6 5. d4 Nf7 6. e4 O-O 7.
Nge2 d6 8. Be3 e5 9. d5 a5 10. Qd2 Na6 11. a3 Bd7 12. O-O a4 13. Nc1 Nc5 14. Rb1 b6 15. Nd3 f5 16. Nxc5 bxc5 17.
f3 h5 18. b4 axb3 19. Rxb3 Ra7 20. Rfb1 Kh7 21. Qb2 Qa8 22. Bc1 Bh6 23. Bxh6 Kxh6 24.
Bf1 f4 25. gxf4 exf4 26. Ra1 Ne5 27. Be2 Qd8 28. Nb5 Qg5+ 29. Kh1 Bxb5 30. cxb5 Qh4 31. Bf1 Ra4 32. Qg2 Rfa8 33. b6 cxb6 34. Rxb6 Rxa3 35. Rxa3 Rxa3 36. Rxd6 Rxf3 37. Re6 Rf2 38. Qg1 Nf3 39. Qxg6# 1-0

[Event "*** Titled Tuesday Blitz"]
[Site "Chess.com"]
[Date "2021.03.02"]
[Round "2"]
[White "CM_rui"]
[Black "C_K_G"]
[Result "0-1"]
[WhiteElo "2349"]
[BlackElo "2001"]
[TimeControl "180+1"]
[EndTime "10:17:43 PST"]
[Termination "C_K_G won on time"]

1. e4 c5 2. Nf3 d6 3. c4 e6 4. d4 cxd4 5. Nxd4 Nf6 6. Nc3 Be7 7. Be3 O-O 8. Be2 a6 9. O-O Nbd7 10.
Rc1 b6 11. Qd2 Bb7 12. f3 Rc8 13. Rfd1 Re8 14. Bf1 Ne5 15. b3 Ng6 16. Qf2 Nd7 17. f4 Qc7 18. f5 exf5 19. exf5 Nge5 20. h3 Nf6 21. g4 Ne4 22. Nxe4 Bxe4 23. g5 Ba8 24. f6 Bf8 25. Bg2 g6 26. Bxa8 Rxa8 27. Ne2 Rab8 28. Nf4 Qd7 29. Qg3 Qf5 30. Rf1 Qe4 31.
Rce1 Qc2 32. Re2 Qc3 33. Nd5 Qd3 34. Ref2 b5 35. cxb5 axb5 36. Nf4 Qe4 37. h4 Rbc8 38. h5 Rc2 39. hxg6 hxg6 40. Rxc2 Qxc2 41. Rf2 Qe4 42. Qh3 d5 43. Rh2 Nf3+ 44. Kg2 Nxg5+ 45.
Kg3 Nxh3 0-1

[Event "*** Titled Tuesday Blitz"]
[Site "Chess.com"]
[Date "2021.03.02"]
[Round "2"]
[White "TigrVShlyape"]
[Black "nocnypako"]
[Result "1-0"]
[WhiteElo "2894"]
[BlackElo "2551"]
[TimeControl "180+1"]
[EndTime "10:17:44 PST"]
[Termination "TigrVShlyape won on time"]

1. e4 e6 2. Qe2 c5 3. Nf3 Nc6 4.
g3 d6 5. Bg2 Nf6 6. O-O Be7 7. c3 O-O 8. d4 cxd4 9. cxd4 d5 10. e5 Ne4 11. Be3 b6 12. Rc1 Bb7 13. Nfd2 Nxd2 14. Nxd2 Qd7 15. Qg4 Rfc8 16. a3 Na5 17. h4 Nc4 18. Nxc4 Rxc4 19. h5 Rac8 20. Bf1 Rxc1 21. Rxc1 Rxc1 22. Bxc1 Qc6 23. Bh6 g6 24. Bd3 Bf8 25. Bxf8 Kxf8 26. Qf4 gxh5 27. Bxh7 Ke8 28.
Bd3 Qa4 29. Kg2 Ba6 30. Bxa6 Qxa6 31. Qe3 Qc4 32. Kh3 Qf1+ 33. Kh4 Qh1+ 34. Kg5 Qh3 35. Qf4 Kf8 36. Kf6 Qh1 37. Qh6+ Ke8 38. Qh8+ Kd7 39. Kxf7 Qf3+ 40. Qf6 Qg4 41. Qe7+ 1-0

[Event "*** Titled Tuesday Blitz"]
[Site "Chess.com"]
[Date "2021.03.02"]
[Round "2"]
[White "rychessmaster1"]
[Black "CraiggoryC"]
[Result "1-0"]
[WhiteElo "2619"]
[BlackElo "2258"]
[TimeControl "180+1"]
[EndTime "10:17:45 PST"]
[Termination "rychessmaster1 won by resignation"]

1. d4 Nf6 2. Nc3 d5 3. Bf4 c6 4. e3 Bf5 5. f3 e6 6. g4 Bg6 7. h4 h5 8. g5 Nfd7 9. Bd3 Bxd3 10.
cxd3 g6 11. Nge2 c5 12. dxc5 Bxc5 13. d4 Be7 14. Kf2 Nc6 15. Qb3 Nb6 16. Rac1 O-O 17. Nb5 Rc8 18. Qd3 a6 19. Nbc3 Bd6 20. Bxd6 Qxd6 21. Nf4 Nc4 22. b3 Nb4 23. Qe2 Na3 24. Na4 Nb5 25. Qd2 Rc6 26. Nc5 b6 27. Qxb4 bxc5 28.
Rxc5 Nxd4 29. exd4 Rfc8 30. Nd3 Kg7 31. Qe1 Rxc5 32. dxc5 Qc6 33. Qe5+ Kh7 34. Rc1 Rc7 35. Nf4 Rd7 36. Qd4 Rb7 37. Nd3 a5 38. Ne5 Qb5 39.
c6 Rc7 40. Qc5 Qb8 41. f4 Kg7 42. Kg2 Qc8 43. Qd6 Qb8 44. Nd7 Rxd7 45. Qxb8 1-0

[Event "*** Titled Tuesday Blitz"]
[Site "Chess.com"]
[Date "2021.03.02"]
[Round "2"]
[White "Ginger_GM"]
[Black "MateusViageiro"]
[Result "1-0"]
[WhiteElo "2631"]
[BlackElo "2333"]
[TimeControl "180+1"]
[EndTime "10:17:45 PST"]
[Termination "Ginger_GM won on time"]

1. d4 Nf6 2. c4 e6 3. Nf3 Bb4+ 4. Nbd2 O-O 5. a3 Bxd2+ 6. Bxd2 d5 7. Bg5 Nbd7 8. e3 b6 9. cxd5 exd5 10. Bd3 h6 11.
Bh4 Bb7 12. O-O c5 13. Ne5 Qc7 14. Bg3 Qd8 15. Rc1 c4 16. Bb1 b5 17. Qc2 Re8 18.
Bh4 Nxe5 19. dxe5 Rxe5 20. Rce1 a5 21. f4 Re4 22. Qf2 Re6 23. Bf5 Rd6 24. g4 Qb6 25. g5 Ne4 26. Qg2 hxg5 27. fxg5 g6 28. Bxe4 dxe4 29. Bg3 Rd5 30. Rf6 Qd8 31. Ref1 Rxg5 32.
Rxf7 Bd5 33. R7f6 b4 34. Qh3 c3 35. Qh6 1-0

[Event "*** Titled Tuesday Blitz"]
[Site "Chess.com"]
[Date "2021.03.02"]
[Round "2"]
[White "Genghis_K"]
[Black "andriipalchuk"]
[Result "1-0"]
[WhiteElo "2926"]
[BlackElo "2563"]
[TimeControl "180+1"]
[EndTime "10:17:47 PST"]
[Termination "Genghis_K won by resignation"]

1. e4 c6 2. d4 d5 3. e5 c5 4.
dxc5 e6 5. Nf3 Bxc5 6. Bd3 Ne7 7.
O-O Nbc6 8. Nbd2 Ng6 9. Nb3 Bb6 10. Re1 Bc7 11. Bg5 f6 12. exf6 gxf6 13. Bh6 Kf7 14. c4 Nb4 15. cxd5 Qxd5 16. Rc1 Bb6 17. Be4 Qxd1 18.
Rexd1 Rd8 19. Rxd8 Bxd8 20. a3 Nd5 21. Bxd5 exd5 22. Be3 Bd7 23. Nc5 Bc6 24. Nd4 Ne5 25.
Nf5 Be7 26. Nxe7 Kxe7 27. Nxb7 Rb8 28. Na5 Bd7 29. b4 a6 30. f3 Ke6 31. Nb3 Bb5 32.
Nc5+ Kf7 33. Bd4 Nc4 34. Re1 Nxa3 35. Re6 Re8 36. Rxf6+ Kg8 37. Ne6 Nc2 38. Bc5 d4 39. Nxd4 Nxd4 40. Bxd4 Re2 41. h4 Rd2 42. Rf4 Rc2 43.
Kh2 h5 44. Rf5 Bf1 45. Rg5+ Kf7 46. Kg1 Rc1 47. Rxh5 Bb5+ 48. Kf2 1-0

[Event "*** Titled Tuesday Blitz"]
[Site "Chess.com"]
[Date "2021.03.02"]
[Round "2"]
[White "GoltsevDmitry2000"]
[Black "JimmmyZhang"]
[Result "1-0"]
[WhiteElo "2758"]
[BlackElo "2506"]
[TimeControl "180+1"]
[EndTime "10:17:47 PST"]
[Termination "GoltsevDmitry2000 won by resignation"]

1. e4 e5 2. Nf3 Nc6 3. Bb5 Nge7 4. O-O g6 5. c3 Bg7 6. d4 exd4 7. cxd4 d5 8. Nc3 O-O 9. Bg5 dxe4 10. Nxe4 h6 11. Bf6 Bf5 12. Bxg7 Kxg7 13. Nc5 b6 14. Nb3 Nb4 15. a3 Nbd5 16. Re1 a6 17. Bd3 Qd6 18.
Rc1 Rfe8 19. Ne5 Rad8 20. Qd2 Bxd3 21. Qxd3 a5 22. Qf3 Nf5 23. g4 a4 24. Nd2 f6 25.
Ndc4 Qe7 26. Nd3 Nxd4 27. Rxe7+ Rxe7 28. Qd1 Ne2+ 29. Kf1 Nxc1 30. Qxc1 c5 31. Nf4 Nxf4 32. Qxf4 Rd4 33. Qc1 b5 34. Ne3 c4 35. Qc3 Rd3 36. Qb4 Re5 37. Qa5 h5 38. Qc7+ Kh6 39. h4 Re4 40. Qb8 Re7 41. Qh8+ Rh7 42. g5+ 1-0

[Event "*** Titled Tuesday Blitz"]
[Site "Chess.com"]
[Date "2021.03.02"]
[Round "2"]
[White "pirulillo"]
[Black "zmeeed67"]
[Result "1-0"]
[WhiteElo "2242"]
[BlackElo "2430"]
[TimeControl "180+1"]
[EndTime "10:17:47 PST"]
[Termination "pirulillo won on time"]

1. e4 c5 2. Nf3 e6 3. d3 Nc6 4. g3 Nf6 5. Bg2 d5 6. Qe2 Be7 7. O-O b6 8. e5 Nd7 9. c4 d4 10. h4 Qc7 11. Bf4 Bb7 12. Nbd2 h6 13. h5 O-O-O 14. a3 g5 15. hxg6 fxg6 16. g4 h5 17. g5 Rdf8 18. Bh2 Rf5 19. Rae1 Bxg5 20. Nxg5 Rxg5 21. Ne4 Rxg2+ 22. Kxg2 Ne7 23. f4 Nf5 24. Kg1 Ne3 25. Rf3 Kb8 26. Rxe3 dxe3 27. Qxe3 Qc6 28.
b4 Rd8 29. b5 Qc7 30. Bg3 Nf8 31. Bh4 Rd4 32. Bf6 Bxe4 33. dxe4 Nd7 34. Be7 Qb7 35. Bd6+ Kc8 36. Qf3 Rxc4 37. Qg2 Rd4 38. Qxg6 1-0

[Event "*** Titled Tuesday Blitz"]
[Site "Chess.com"]
[Date "2021.03.02"]
[Round "2"]
[White "kuban1991"]
[Black "frazier69"]
[Result "1-0"]
[WhiteElo "2941"]
[BlackElo "2576"]
[TimeControl "180+1"]
[EndTime "10:17:48 PST"]
[Termination "kuban1991 won by resignation"]

1. Nf3 Nf6 2. g3 d5 3. Bg2 e6 4.
O-O Be7 5. d3 b6 6. Nbd2 Bb7 7. e4 dxe4 8. Ng5 O-O 9. Ngxe4 Nxe4 10. Nxe4 Qc8 11. a4 a5 12. b3 Nd7 13. Bb2 f5 14. Nd2 Bxg2 15. Kxg2 Bf6 16. Bxf6 Nxf6 17.
Re1 Re8 18. Qf3 e5 19. Qc6 Qe6 20. Qxe6+ Rxe6 21. Re2 Rae8 22. Rae1 h6 23. f4 e4 24. dxe4 Nxe4 25. Nxe4 fxe4 26. Rd1 R8e7 27. Kf2 Kf7 28. Ke3 Kf6 29. Red2 g5 30. Rf1 Rc6 31. c4 Rc5 32.
fxg5+ Kxg5 33. Rf4 Rf5 34. Rxf5+ Kxf5 35. Rf2+ Ke5 36.
Rf4 Kd6 37. Rxe4 Rf7 38. Rf4 Re7+ 39. Kd3 Kc5 40. Rf6 Kb4 41. Rxh6 Kxb3 42. g4 Rd7+ 43. Ke4 Kxa4 44. g5 Kb4 45. g6 Rd1 46. Rh3 Rd8 47. Rg3 a4 48. h4 a3 49. h5 a2 50.
Rg1 Re8+ 51. Kf5 Re2 52. g7 Rf2+ 53. Ke6 Re2+ 54. Kd7 Rd2+ 55. Kc6 Rg2 56. Rxg2 a1=Q 57. g8=Q Qa4+ 58. Kb7 Qd7 59. Qf8+ c5+ 60. Kxb6 Qe6+ 61.
Kc7 Qe5+ 62. Qd6 Qxh5 63. Qb6+ Kc3 64. Qb2+ 1-0

[Event "*** Titled Tuesday Blitz"]
[Site "Chess.com"]
[Date "2021.03.02"]
[Round "2"]
[White "zim0ne"]
[Black "DenLaz"]
[Result "0-1"]
[WhiteElo "2534"]
[BlackElo "2837"]
[TimeControl "180+1"]
[EndTime "10:17:48 PST"]
[Termination "DenLaz won by checkmate"]

1. Nf3 Nf6 2. c4 c6 3. g3 g6 4.
Bg2 Bg7 5. O-O O-O 6. b3 d5 7. Bb2 Bg4 8. d3 Nbd7 9. Nbd2 e6 10. Rc1 Qe7 11. h3 Bxf3 12. Nxf3 a5 13. Re1 a4 14. e4 dxe4 15. dxe4 e5 16. bxa4 Rfe8 17. Re3 Qb4 18. Rb3 Qxa4 19. Rxb7 Nc5 20. Rc7 Nfxe4 21. Qxa4 Rxa4 22. Rxc6 Rxa2 23. Bc3 Nd3 24. Rd1 Ndxf2 25.
Rf1 Nxh3+ 26. Bxh3 Nxc3 27. Ng5 Ne2+ 28. Kg2 Nf4+ 29.
Kh1 Nxh3 30. Nxh3 Ra7 31. Ng5 e4 32. Re1 e3 33. Re2 Rb7 34. Kg2 h6 35. Nf3 g5 36.
Nh2 f5 37. Kf3 g4+ 38. Kf4 Rb2 39. Rxe3 Rf2+ 40. Nf3 Re4+ 41. Rxe4 Rxf3# 0-1

[Event "*** Titled Tuesday Blitz"]
[Site "Chess.com"]
[Date "2021.03.02"]
[Round "2"]
[White "NaciSAN"]
[Black "ErikRonka"]
[Result "1-0"]
[WhiteElo "2310"]
[BlackElo "2465"]
[TimeControl "180+1"]
[EndTime "10:17:48 PST"]
[Termination "NaciSAN won on time"]

1. e4 c6 2. d4 d5 3. Nc3 dxe4 4. Nxe4 Bf5 5. Ng3 Bg6 6. Nf3 Nd7 7. Bd3 Ngf6 8. O-O e6 9. Re1 Be7 10. c4 O-O 11. Bxg6 hxg6 12. Bf4 Qb6 13. b3 Rfd8 14.
Qe2 Bf8 15. Red1 a5 16. Ne5 c5 17. Nxd7 Rxd7 18. dxc5 Rxd1+ 19. Rxd1 Bxc5 20. h3 a4 21. Be5 axb3 22. axb3 Qxb3 23. Bxf6 gxf6 24. Ne4 Ra2 25. Nxc5 Qa3 26. Qe3 Qb4 27. Rd8+ Kg7 28. Nd7 Qe7 29. Qb6 Rd2 30. Qc7 Rd1+ 31. Kh2 Qa3 32. Nb6 Qb3 33. Rxd1 Qxd1 34. Qxb7 Qd6+ 35. g3 Qd4 36. Kg2 e5 37.
Qc6 e4 38. c5 Qd3 39. Qd5 Qf3+ 40.
Kg1 1-0

[Event "*** Titled Tuesday Blitz"]
[Site "Chess.com"]
[Date "2021.03.02"]
[Round "2"]
[White "MillyNeuf"]
[Black "Hongjin"]
[Result "0-1"]
[WhiteElo "2278"]
[BlackElo "2477"]
[TimeControl "180+1"]
[EndTime "10:17:48 PST"]
[Termination "Hongjin won by resignation"]

1. e4 c5 2. Nc3 a6 3. g3 b5 4. Bg2 Bb7 5. d3 e6 6. f4 Nf6 7.
Nf3 d5 8. e5 Nfd7 9. Ne2 Nc6 10. c3 Qc7 11. d4 b4 12. O-O a5 13. g4 h5 14. h3 hxg4 15. hxg4 Ba6 16. f5 Qa7 17.
fxe6 fxe6 18. Bf4 Be7 19. Rf2 O-O-O 20. Bg5 Rdf8 21. Bxe7 Nxe7 22. Ng5 Rxf2 23. Kxf2 Qb6 24. Kg3 Ng6 25. Nf7 Rf8 26. Nd6+ Kc7 27. Ng1 Ndxe5 28. dxe5 Nxe5 29. Ne8+ Rxe8 30. Nf3 Qd6 31. Nxe5 Qxe5+ 32. Kf2 Rf8+ 33. Kg1 Qe3+ 34. Kh2 Rh8+ 0-1

[Event "*** Titled Tuesday Blitz"]
[Site "Chess.com"]
[Date "2021.03.02"]
[Round "2"]
[White "FMalexhdez"]
[Black "ApacheSVD"]
[Result "1-0"]
[WhiteElo "2161"]
[BlackElo "2390"]
[TimeControl "180+1"]
[EndTime "10:17:48 PST"]
[Termination "FMalexhdez won on time"]

1. e4 c5 2. Nf3 d6 3. d4 cxd4 4. Nxd4 Nf6 5. Nc3 g6 6. Be2 Bg7 7. O-O O-O 8. Nb3 Nc6 9. Re1 Be6 10. Bf1 Nd7 11. Nd5 Rc8 12. c3 Nce5 13. Bg5 Bxd5 14. Qxd5 h6 15. Bh4 g5 16. Bg3 Qb6 17. Qd2 Nc4 18. Bxc4 Rxc4 19. h4 Bf6 20. hxg5 hxg5 21. Re3 Kg7 22. Rd1 Rfc8 23. Re2 a5 24. Nd4 Kg6 25.
Nf5 Ne5 26. Ne3 R4c7 27. Nd5 Qa6 28. Nxc7 Rxc7 29. Bxe5 Bxe5 30. Qd3 Qb6 31. c4 f6 32. b3 Rc8 33. Re3 Qc7 34. Rh3 Qd7 35. Qe2 g4 36. Rh4 Kg5 37. Rh7 Kg6 38. Rh4 Kg5 39.
g3 1-0

[Event "*** Titled Tuesday Blitz"]
[Site "Chess.com"]
[Date "2021.03.02"]
[Round "2"]
[White "Sven_Tica"]
[Black "zacachess"]
[Result "1-0"]
[WhiteElo "2661"]
[BlackElo "2417"]
[TimeControl "180+1"]
[EndTime "10:17:49 PST"]
[Termination "Sven_Tica won by resignation"]

1. d4 Nf6 2. c4 e6 3. g3 Bb4+ 4. Bd2 Qe7 5. Bg2 Nc6 6. e3 O-O 7. Ne2 d5 8. O-O dxc4 9. Qc2 Bd6 10. Qxc4 e5 11. d5 Nb8 12. Nbc3 a6 13. a4 Nbd7 14. Rac1 Re8 15. h3 Nf8 16. e4 Ng6 17. Be3 h5 18. Bg5 Nf8 19. f4 N8h7 20. Bh4 Bd7 21. f5 Reb8 22. g4 b5 23. axb5 Bxb5 24. Nxb5 Rxb5 25. Rc2 Qd7 26. g5 Ne8 27. Ng3 g6 28. fxg6 fxg6 29. Qe2 Rab8 30. Qf2 Ng7 31. Ra1 a5 32. Bf1 Rb3 33.
Rxa5 Be7 34. Ra7 R8b7 35. d6 Qxd6 36. Bc4+ Kh8 37. Bxb3 Rxb3 38. Ra8+ Nf8 39. Rd2 Qe6 40. Rxf8+ Bxf8 41. Qxf8+ Kh7 42. Rd8 Rxg3+ 43. Bxg3 Qb6+ 44. Bf2 1-0

[Event "*** Titled Tuesday Blitz"]
[Site "Chess.com"]
[Date "2021.03.02"]
[Round "2"]
[White "akanga001"]
[Black "chigorin28"]
[Result "0-1"]
[WhiteElo "1957"]
[BlackElo "2477"]
[TimeControl "180+1"]
[EndTime "10:17:49 PST"]
[Termination "chigorin28 won on time"]

1. d4 Nf6 2. Nf3 d6 3. Bg5 g6 4. e3 Bg7 5. Nbd2 O-O 6. Bd3 Nbd7 7. O-O e5 8. c3 Qe8 9. e4 h6 10. Bh4 Nh5 11. Re1 a6 12. a4 Rb8 13. a5 Nf4 14. Bf1 Nf6 15. dxe5 dxe5 16. h3 N4h5 17. Nc4 g5 18.
Bg3 Nxg3 19. fxg3 g4 20. hxg4 Nxg4 21. Nh4 Be6 22. Nf5 h5 23. Nce3 Rd8 24. Qe2 Bxf5 25. Nxf5 Qe6 26. Rad1 b5 27. axb6 Qxb6+ 28. Ne3 Bh6 29.
Rxd8 Rxd8 30. Kh1 Qxe3 31. Qxe3 Nxe3 32. Bxa6 Rd2 33. b4 Rc2 34. c4 Nxc4 35. Rd1 Nd6 36.
b5 Rc1 0-1

[Event "*** Titled Tuesday Blitz"]
[Site "Chess.com"]
[Date "2021.03.02"]
[Round "2"]
[White "ChessNinja48"]
[Black "suneebaker"]
[Result "1-0"]
[WhiteElo "2417"]
[BlackElo "2169"]
[TimeControl "180+1"]
[EndTime "10:17:49 PST"]
[Termination "ChessNinja48 won by resignation"]

1. d4 Nf6 2. Nf3 g6 3. c4 Bg7 4.
Nc3 d5 5. Qb3 dxc4 6. Qxc4 O-O 7. e4 c5 8. d5 b6 9. e5 Nfd7 10. Qf4 e6 11. Bc4 b5 12. dxe6 bxc4 13. exd7 Qxd7 14. O-O Nc6 15. Be3 Nd4 16. Nxd4 cxd4 17.
Bxd4 Bb7 18. Rad1 Rfd8 19. Rfe1 Qc6 20. f3 Bf8 21. Bf2 Rd3 22. Ne4 Rad8 23. Nf6+ Kh8 24. Rc1 Qe6 25. Qh4 h5 26. Rxc4 Bh6 27. Rc7 Ba8 28.
Qc4 Qxc4 29. Rxc4 Rd1 30. Kf1 Rxe1+ 31. Kxe1 Bf8 32. a3 Bb7 33. Rc7 Ba6 34. Rxf7 Bg7 35. Rxa7 Bc4 36. Rc7 Bb3 37. Be3 Bxf6 38. exf6 Re8 39.
Kd2 Bf7 40. Rxf7 1-0

[Event "*** Titled Tuesday Blitz"]
[Site "Chess.com"]
[Date "2021.03.02"]
[Round "2"]
[White "Skillcam"]
[Black "Vallek86"]
[Result "0-1"]
[WhiteElo "2579"]
[BlackElo "2342"]
[TimeControl "180+1"]
[EndTime "10:17:50 PST"]
[Termination "Vallek86 won on time"]

1. d4 c5 2. d5 Nf6 3. Nc3 d6 4. e4 Nbd7 5. Nf3 g6 6. Be2 Bg7 7.
O-O O-O 8. Nd2 Rb8 9. a4 a6 10.
f3 e6 11. dxe6 fxe6 12. Nb3 Qe7 13. Bf4 e5 14. Bc4+ Kh8 15. Bg5 h6 16. Be3 Nb6 17. Be2 Be6 18. Nd2 Nc8 19. Nc4 Rd8 20. a5 Na7 21. Nb6 Nc6 22. Qd2 Kh7 23. Rfd1 Nd4 24. Bf1 Rf8 25. Nca4 Rbd8 26. Rab1 Qf7 27. c3 Nb3 28.
Qf2 Nxa5 29. Rd2 Nb3 30. Rdd1 g5 31. h3 Qc7 32. Qc2 Kh8 33. c4 Na5 0-1